 Dungeon Crawl Stone Soup version 0.26.1-2-gb8aa6d0cf2 (webtiles) character file.

Game seed: 12637426293252602107

121 FishyPogo the Stinger (level 4, -7/36 HPs)
             Began as a Draconian Venom Mage on Feb 22, 2021.
             Mangled by Crazy Yiuf
             ... wielding a +4 quarterstaff of chaos
              (10 damage)
             ... on level 3 of the Dungeon.
             The game lasted 00:12:08 (3432 turns).

FishyPogo the Stinger (Draconian Venom Mage)        Turns: 3432, Time: 00:12:09

Health: -7/36      AC:  6    Str: 11    XL:     4   Next: 76%
Magic:  3/8        EV: 12    Int: 16    God:
Gold:   116        SH:  0    Dex: 11    Spells: 5/8 levels left

rFire    . . .     SeeInvis .   k - +2 dagger (vamp)
rCold    . . .     Faith    .   (no shield)
rNeg     . . .     Spirit   .   (armour unavailable)
rPois    .         Reflect  .   (helmet restricted)
rElec    .         Harm     .   (no cloak)
rCorr    .         Rampage  .   d - +0 pair of gloves
Will     .....                  (no boots)
Stlth    ++........             (no amulet)
HPRegen  0.12/turn              m - ring of wizardry
MPRegen  0.11/turn              (no ring)

@: no status effects
A: unfitting armour, cold-blooded, AC +5
a: no special abilities


You were on level 3 of the Dungeon.
You visited 1 branch of the dungeon, and saw 3 of its levels.

You collected 116 gold pieces.

Inventory:

Hand Weapons
 k - a +2 vampiric dagger (weapon)
Missiles
 b - 62 stones
 e - 7 curare-tipped darts
 o - 4 poisoned darts
Armour
 d - a +0 pair of gloves (worn)
Jewellery
 m - a ring of wizardry (left hand)
 p - an uncursed ring of wizardry
Scrolls
 a - a scroll of noise
 c - a scroll of identify
 f - a scroll of fog
 i - a scroll of magic mapping
 s - a scroll of teleportation {unknown}
Potions
 g - a potion of cancellation {unknown}
 h - 2 potions of flight
 j - a potion of attraction {unknown}
 l - a potion of magic {unknown}
 n - 2 potions of mutation {unknown}
 q - 2 potions of heal wounds {unknown}
 r - a potion of curing {unknown}


   Skills:
 * Level 2.2 Fighting
 * Level 0.1 Short Blades
 + Level 2.4 Dodging
 - Level 2.0 Stealth
 * Level 2.9 Spellcasting
 + Level 1.6 Transmutations
 * Level 3.4 Poison Magic


You had 5 spell levels left.
You knew the following spells:

 Your Spells              Type           Power        Failure   Level
a - Sting                 Tmut/Pois      40%          2%          1
b - Poisonous Vapours     Pois/Air       14%          6%          2

Your spell library contained the following spells:

 Spells                   Type           Power        Failure   Level
 Ignite Poison            Fire/Tmut/Pois 7%           12%         3
 Mephitic Cloud           Conj/Pois/Air  6%           14%         3
 Olgreb's Toxic Radiance  Pois           13%          17%         4


Dungeon Overview and Level Annotations

Branches:
Dungeon (3/15)

Altars:

Annotations:
D:3 Crazy Yiuf


Innate Abilities, Weirdness & Mutations

Your plain brown scales are hard. (AC +5)
You cannot fit into any form of body armour.
You are cold-blooded and may be slowed by cold attacks.


Message History

Aim: Crazy Yiuf, wielding a +4 quarterstaff of chaos and wearing a +2 cloak (heavily wounded, poisoned, 25% to evade)
The sting hits Crazy Yiuf but does no damage.
Crazy Yiuf looks even sicker.
Crazy Yiuf is heavily wounded.
Crazy Yiuf hits you with a +4 quarterstaff of chaos.
* * * LOW HITPOINT WARNING * * *
Crazy Yiuf draws strength from your wounds!
Crazy Yiuf whimpers, "Snoogle return to song disdain!"
Crazy Yiuf says, "Paint!"
Crazy Yiuf screams, "Earwax!"
Casting: Sting (safe; 2% risk of failure)
Confirm with . or Enter, or press ? or * to list all spells.
Aiming: Sting (safe; 2% risk of failure)
Press: ? - help, Shift-Dir - straight line, f/p - Crazy Yiuf
Aim: Crazy Yiuf, wielding a +4 quarterstaff of chaos and wearing a +2 cloak (severely wounded, poisoned, 25% to evade)
The sting hits Crazy Yiuf but does no damage.
Crazy Yiuf looks even sicker.
Crazy Yiuf is severely wounded.
Crazy Yiuf hits you with a +4 quarterstaff of chaos!
You die...

##....♣♣ ♣♣#..)#
#......♣♣♣♣.'...#
#.......♣..♣#...#
#.#....♣.♣♣♣ ###
#.###♣♣♣♣♣ #. #.# #.
#.# ##############.
#.####........##..##
#.g@.............###
######...........##.
#........#.....
#......##.#.###
#.....##.⌠.###.
#....####.###.#
##...#.#♣#♣#.#.
#..#.⌠.# #[⌠.#
#...#.#♣#♣#.##


You could see Crazy Yiuf (very poisoned).

Vanquished Creatures
  Robin (D:2)
  4 adders
  2 worms
  3 dart slugs
  4 leopard geckos
  3 giant cockroaches
  16 goblins
  5 hobgoblins
  2 jackals (D:3)
  A ball python (D:1)
  2 bats
  2 frilled lizards (D:1)
  5 kobolds
  8 rats
58 creatures vanquished.

Notes
Turn   | Place    | Note
-------+----------+-------------------------------------------
     0 | D:1      | FishyPogo the Draconian Venom Mage began the quest for the
                  | Orb.
     0 | D:1      | Reached XP level 1. HP: 14/14 MP: 3/3
   211 | D:1      | Reached XP level 2. HP: 15/22 MP: 1/5
   687 | D:1      | Reached skill level 1 in Fighting
  1015 | D:1      | Learned a level 2 spell: Poisonous Vapours
  1219 | D:1      | Reached XP level 3. HP: 28/28 MP: 2/6
  1551 | D:2      | Noticed Robin
  1563 | D:2      | Killed Robin
  2094 | D:2      | Reached XP level 4. HP: 34/36 MP: 3/7
  3407 | D:3      | Found a runed translucent door.
  3408 | D:3      | Noticed Crazy Yiuf
  3421 | D:3      | HP: 1/36 [Crazy Yiuf/+4 quarterstaff of chaos (6)]
  3432 | D:3      | Mangled by Crazy Yiuf

Illustrated notes

Levels and vault maps discovered:
D:1:      dpeg_arrival_shelter, layout_loops_corners, nrook_campfire,
          minmay_misc_feat_diagonals
D:2:      layout_rooms, grunt_ministairs_2, chequers_serial_rivers_room_a,
          uniq_robin
D:3:      layout_rooms, ebering_dispersal_statue_hall, grunt_decor_mini_mirrors,
          kennysheep_jessica_study, uniq_crazy_yiuf_cottage

Skill      XL: |  1  2  3  4 |
---------------+-------------+-----
Stealth        | 2 |  2.0
Dodging        | 2 |  2.4
Fighting       | 1 2 |  2.2
Short Blades   | |  0.1
Spellcasting   | |  2.9
Transmutations | |  1.6
Poison Magic   | |  3.4

Action                   |  1- 3 |  4- 6 || total
-------------------------+-------+-------++-------
Melee: Unarmed           |     4 |       ||     4
       Tailslap          |     7 |     3 ||    10
       Whip              |    44 |    22 ||    66
       Dagger            |       |    15 ||    15
 Cast: Sting             |    69 |    23 ||    92
       Poisonous Vapours |     2 |    18 ||    20
  Use: Scroll            |     6 |     1 ||     7
 Stab: Sleeping          |       |     1 ||     1
Armor: Skin              |    25 |    11 ||    36
Dodge: Dodged            |    60 |    20 ||    80
